Map: Ruins of Seras

Players

아사신

  • Race: Terran Terran
  • League: Bronze

Nero - Winner!

  • Race: Protoss Protoss

VOD

Have the link to the VOD?

Description

Time

  • Played on: Jan. 7, 2016, 8:03 a.m.
  • Length: 20:34
Show
View Real Time Build Order
Export as new Build Order

아사신 Terran 

Build Orders:  

Get SALT Encoding   

  12  0:01  SCV  
  13  0:16  Supply Depot  
  13  0:18  SCV  
  14  0:32  SCV  
  15  0:40  Barracks  
  15  0:45  Refinery  
  15  0:48  SCV  
  16  1:00  Supply Depot  
  16  1:10  SCV  
  17  1:27  Barracks  
  17  1:35  Refinery, Orbital Command  
  17  1:40  Marine  
  18  2:10  Barracks Reactor  
  18  2:19  Command Center  
  18  2:20  Marine  
  19  2:23  SCV  
  20  2:38  Barracks Tech Lab  
  20  2:41  Engineering Bay  
  20  2:50  Factory  
  20  2:53  Marine x2  
  22  3:07  Marauder  
  22  3:10  Supply Depot  
  24  3:16  Stimpack  
  24  3:26  Marine x2  
  26  3:48  Starport  
  26  3:52  Bunker  
  26  3:56  SCV  
  26  3:58  Factory Reactor  
  26  4:02  SCV  
  28  4:07  Marine  
  29  4:15  Missile Turret  
  29  4:18  SCV  
  29  4:22  SCV  
  31  4:44  Medivac x2  
  35  4:52  Factory Tech Lab  
  31  5:16  Missile Turret  
  31  5:17  Marine x2  
  31  5:18  Siege Tank  
  36  5:26  Marauder  
  38  5:36  Marine x2  
  40  5:47  Marauder  
  42  5:51  Liberator  
  42  6:06  Marine x2  
  47  6:17  Refinery  
  47  6:18  SCV  
  48  6:19  Refinery  
  39  6:44  Marine x2  
  39  6:45  Marauder  
  39  6:47  Siege Tank  
  46  6:51  Liberator  
  46  6:59  Barracks  
  46  7:00  SCV  
  47  7:12  SCV  
  51  7:26  Marine x2  
  53  7:30  Supply Depot  
  53  7:31  Planetary Fortress  
  53  7:46  SCV  
  53  7:49  Barracks Reactor  
  54  7:52  Marauder  
  54  7:57  Supply Depot  
  56  8:10  Marine x2  
  58  8:20  Siege Tank  
  58  8:21  Medivac  
  63  8:37  Marine x4  
  57  9:03  Siege Tank  
  57  9:04  SCV  
  61  9:12  Medivac  
  61  9:13  Medivac  
  61  9:16  SCV  
  66  9:24  Marine x3  
  69  9:42  Marine  
  70  9:47  Supply Depot  
  70  10:06  Marine x3  
  62  10:15  Marine  
  62  10:18  Siege Tank, Marauder  
  62  10:21  Liberator  
  68  10:24  Marine  
  52  10:33  Marine x2  
  52  10:35  Marine  
  49  10:46  Terran Infantry Weapons Level 1  
  49  10:54  Supply Depot  
  49  11:10  Missile Turret  
  49  11:11  Marine x2  
  49  11:12  Marine x2, Marauder  
  55  11:27  Siege Tank  
  39  11:48  Marine x2, Liberator  
  41  11:58  SCV  
  41  11:59  Siege Tank  
  45  12:04  Factory  
  45  12:06  Medivac  
  45  12:07  Marine x3  
  45  12:08  Marine  
  54  12:12  Marauder  
  56  12:18  SCV  
  57  12:27  Marine x4  
  61  12:34  Supply Depot  
  61  12:41  Siege Tank  
  61  12:43  Liberator  
  64  12:49  Factory Tech Lab  
  64  12:59  Medivac  
  64  13:01  Marine x2  
  64  13:02  Marine  
  64  13:04  Marine  
  73  13:07  SCV  
  74  13:14  Siege Tank  
  77  13:28  Siege Tank  
  80  13:35  Medivac  
  82  13:43  Medivac  
  82  13:45  Marine x4  
  88  14:09  Marine x3  
  90  14:11  Marauder  
  93  14:17  Supply Depot  
  93  14:25  Supply Depot  
  93  14:31  Terran Infantry Armor Level 1  
  93  14:39  Marauder, Siege Tank  
  98  14:47  Supply Depot  
  98  15:02  Siege Tank  
  98  15:04  Missile Turret  
  101  15:09  Medivac  
  103  15:36  Command Center  
  103  15:41  Marine x2  
  105  15:50  Supply Depot  
  105  15:53  Siege Tank  
  108  16:16  Marine x4  
  108  16:17  Marauder  
  114  16:22  Siege Tank  
  117  16:44  Refinery  
  117  16:55  Marine x4  
  117  16:56  Marauder  
  117  16:57  Siege Tank  
  117  16:59  Medivac  
  127  17:17  Siege Tank  
  130  17:25  Marine x2  
  130  17:29  Siege Tank  
  94  17:51  Marine x2  
Show
View Real Time Build Order
Export as new Build Order

Nero Protoss - Winner!

Build Orders: Oracle Opening 

Get SALT Encoding   

  12  0:01  Probe (Chrono Boost)  
  13  0:16  Pylon  
  13  0:18  Probe (Chrono Boost)  
  14  0:28  Probe (Chrono Boost)  
  14  0:35  Gateway  
  15  0:40  Probe (Chrono Boost)  
  16  0:47  Assimilator  
  16  0:52  Probe (Chrono Boost)  
  17  1:02  Pylon, Probe (Chrono Boost)  
  18  1:08  Assimilator  
  18  1:14  Probe (Chrono Boost)  
  19  1:25  Cybernetics Core  
  19  1:29  Zealot  
  21  1:37  Probe (Chrono Boost)  
  22  1:53  Pylon  
  22  1:55  Probe (Chrono Boost)  
  23  2:06  Probe (Chrono Boost)  
  24  2:16  Probe (Chrono Boost)  
  24  2:20  Stargate  
  24  2:21  Zealot  
  27  2:28  Forge  
  27  2:36  Mothership Core (Chrono Boost)  
  29  2:52  Zealot  
  29  2:57  Pylon  
  31  3:05  Warp Gate  
  31  3:09  Gateway  
  31  3:10  Probe (Chrono Boost)  
  31  3:12  Oracle (Chrono Boost)  
  35  3:26  Stalker  
  37  3:33  Probe  
  38  3:38  Twilight Council  
  38  4:12  Nexus  
  38  4:16  Assimilator  
  38  4:18  Pylon  
  38  4:27  Assimilator  
  38  4:31  Charge  
  38  4:39  Probe (Chrono Boost)  
  39  4:49  Probe (Chrono Boost)  
  40  5:17  Templar Archives  
  40  5:25  Pylon  
  40  5:27  Robotics Facility  
  40  5:29  Probe x2 (Chrono Boost)  
  40  5:32  Stalker  
  40  5:34  Adept  
  46  5:39  Probe x2 (Chrono Boost)  
  48  5:55  Probe (Chrono Boost)  
  49  5:58  Probe (Chrono Boost)  
  50  6:04  High Templar  
  50  6:06  Probe (Chrono Boost)  
  50  6:09  Probe (Chrono Boost)  
  54  6:12  Gateway  
  54  6:17  Robotics Bay  
  54  6:22  Observer  
  54  6:24  Probe x2 (Chrono Boost)  
  57  6:32  Stalker  
  57  6:34  Probe (Chrono Boost)  
  58  6:49  High Templar  
  58  6:51  Probe (Chrono Boost)  
  58  6:52  Probe (Chrono Boost)  
  62  7:01  Immortal  
  66  7:02  Probe x2 (Chrono Boost)  
  66  7:04  Pylon  
  68  7:14  High Templar  
  70  7:31  Stalker  
  70  7:32  Stalker  
  74  7:41  Probe x2 (Chrono Boost)  
  74  7:43  Protoss Ground Weapons Level 1  
  76  7:47  Forge  
  76  7:52  Sentry, Probe (Chrono Boost)  
  79  7:59  Nexus  
  79  8:01  Assimilator  
  79  8:03  Assimilator  
  79  8:05  Pylon  
  79  8:07  Zealot x2  
  79  8:08  Pylon  
  83  8:16  Psionic Storm  
  83  8:26  Protoss Ground Armor Level 1  
  81  8:42  Photon Cannon  
  81  8:43  Photon Cannon  
  78  9:11  Zealot x2  
  78  9:12  Zealot  
  78  9:15  Probe x2 (Chrono Boost)  
  78  9:16  Probe (Chrono Boost)  
  87  9:22  Disruptor  
  90  9:25  Blink, Probe x2 (Chrono Boost)  
  90  9:27  Probe (Chrono Boost)  
  93  9:34  High Templar x2  
  93  9:36  Zealot  
  93  9:37  Probe (Chrono Boost)  
  100  9:44  Probe (Chrono Boost)  
  101  9:45  Protoss Ground Weapons Level 2  
  101  9:53  Gateway  
  101  9:54  Probe (Chrono Boost)  
  92  10:16  Zealot x2  
  92  10:17  Zealot  
  79  10:39  Immortal  
  79  10:42  Zealot x3  
  89  10:47  Probe x3 (Chrono Boost)  
  92  10:56  Gateway x2  
  92  10:58  Photon Cannon, Probe (Chrono Boost)  
  92  10:59  Photon Cannon  
  93  11:05  High Templar x4  
  101  11:14  Photon Cannon  
  101  11:16  Photon Cannon  
  101  11:18  Probe (Chrono Boost)  
  102  11:19  Probe (Chrono Boost)  
  102  11:20  Probe (Chrono Boost)  
  104  11:30  Robotics Facility  
  98  11:56  Colossus  
  98  12:00  Extended Thermal Lance  
  104  12:02  Zealot x5  
  104  12:04  Sentry  
  116  12:20  Protoss Ground Armor Level 2  
  116  12:21  Protoss Ground Weapons Level 3  
  116  12:31  Pylon x2  
  116  12:33  Pylon  
  116  12:48  Colossus  
  122  12:52  Sentry x4  
  122  12:53  Zealot x2  
  122  12:56  Colossus  
  140  13:01  Probe (Chrono Boost)  
  141  13:06  Pylon  
  141  13:09  Pylon x2  
  141  13:11  Pylon  
  141  13:25  Probe x3 (Chrono Boost)  
  142  13:44  Zealot x2  
  142  13:45  Stalker x3  
  142  13:46  Stalker  
  154  13:58  Immortal x2  
  162  14:09  High Templar x4  
  170  14:12  Adept  
  170  14:16  Pylon  
  172  14:21  Pylon  
  172  14:22  Pylon  
  172  14:23  Pylon  
  172  14:55  Stalker x6  
  172  14:58  Nexus  
  184  15:02  Assimilator  
  184  15:06  Assimilator  
  184  15:10  Pylon  
  184  15:12  Pylon  
  184  15:34  Probe (Chrono Boost)  
  184  15:35  Probe x2 (Chrono Boost)  
  187  15:45  Probe x3 (Chrono Boost)  
  190  15:50  Adept x5  
  190  15:56  Protoss Shields Level 1, Protoss Ground Armor Level 3  
  200  16:00  Protoss Air Weapons Level 1  
  200  16:01  Resonating Glaives  
  198  16:47  Nexus  
  198  16:51  Assimilator  
  198  16:53  Assimilator  
  198  16:55  Pylon  
  198  16:58  Pylon  
  198  17:00  Pylon  
  175  18:08  Archon x2  
  175  18:09  Archon x2  
  175  18:10  Archon  
  175  18:42  Colossus x2  
  175  19:05  Probe x3 (Chrono Boost)  
  175  20:09  Assimilator  
  175  20:10  Nexus  
  175  20:12  Pylon x2, Assimilator  
Tags
 
League
Bronze
Matchup
PvT
Replay Pack
rep
Add a new tag
Caveats
  • Supply blocks, unpowered buildings, or Contaminate may cause inaccurate times.
  • Supply counts are checked every 10 seconds.